AoeStats
← Pwncakes

Fortress

509109072Analyzed
2v2 RM · 6d ago on Sep 25, 2026· 27m 17s· 4 players
Game mode
Random Map
Map size
Normal (6 player)
Population
200
Speed
Normal
Resources
Standard
Victory
Conquest
Starting age
Dark Age
Ending age
Imperial Age
RankedLock teamsTeams togetherTeam positionsShared explorationLock speedFull tech treeHidden civsTurbo modeCheats
Victory
Defeat
🇺🇸 Teutons · United States
1429
+14
🇵🇪 Muisca · Peru
1333
+17
🇮🇳 Varangians · India
1392
-16
🇨🇳 Magyars · China
1365
-15
DarkkArtist
9:41 Feudal Age
13:21 Castle Age
16:58 Imperial Age
14:47 Double-Bit Axe
14:56 Double-Bit Axe
16:29 Fletching
16:37 Double-Bit Axe
17:25 Forging
19:24 Scale Barding Armor
19:17 Horse Collar
22:43 Capped Ram
26:16 Chain Barding Armor
26:16 Loom
27:30 Wheelbarrow
76561198441903662
7:56 Feudal Age
12:21 Castle Age
Pwncakes
7:02 Feudal Age
10:37 Castle Age
8:34 Horse Collar
10:44 Double-Bit Axe
11:44 Bow Saw
12:13 Loom
15:56 Wheelbarrow
17:10 Stone Mining
17:43 Scale Barding Armor
18:03 Hand Cart
18:06 Gold Mining
19:33 Scale Mail Armor
20:07 Forging
20:57 Chain Mail Armor
22:15 Fletching
25:15 Imperial Age
23:47 Iron Casting
23:32 Guard Tower
24:03 Ballistics
23:59 Masonry
23:39 Guard Tower
24:10 Ballistics
24:18 Bodkin Arrow
26:56 Scale Barding Armor
28:07 Conscription
27:15 Elite Teutonic Knight
⚡ MACE WINDU ⚡
4:55 Loom
6:54 Feudal Age
11:17 Castle Age
12:22 Wheelbarrow
13:44 Double-Bit Axe
14:52 Bow Saw
18:24 Fletching
20:22 Bodkin Arrow
24:04 Gold Mining
23:55 Horse Collar
27:46 Imperial Age
25:12 Pikeman
25:12 Champi Runner
25:54 Squires
25:33 Crossbowman
27:08 Thumb Ring
Connection lost

Rejoining the realm…

Still unreachable

The connection could not be restored.

Session expired

The server has moved on; the page needs a fresh start.